 Dungeon Crawl Stone Soup version 0.29.1-12-g30fa7ad0bf (webtiles) character file.

Game seed: 11992937306655866284

631 Jushak the Cudgeller (level 7, -7/61 (70) HPs)
             Began as a Troll Berserker on Jan 9, 2023.
             Was a Believer of Trog.
             Mangled by a wight
             ... wielding a +3 battleaxe
              (8 damage)
             ... on level 5 of the Dungeon.
             The game lasted 00:16:47 (3198 turns).

Jushak the Cudgeller (Troll Berserker)              Turns: 3198, Time: 00:16:48

HP:   -7/61 (70)    AC:  4    Str: 26    XL:     7   Next: 24%
MP:   6/6           EV: 10    Int:  3    God:    Trog [**....]
Gold: 372           SH:  0    Dex: 11    Spells: 6/6 levels left

rFire   . . .      SeeInvis .   a - +1 flail (protect)
rCold   . . .      Faith    .   (no shield)
rNeg    . . .      Spirit   .   b - +0 animal skin
rPois   .          Reflect  .   (helmet restricted)
rElec   .          Harm     .   (no cloak)
rCorr   .          Rampage  .   (gloves unavailable)
Will    .....                   (boots unavailable)
Stlth   +.........              (no amulet)
HPRegen 1.00/turn               (no ring)
MPRegen 0.10/turn               (no ring)

@: about to teleport, heavily drained
A: large, unfitting armour, claws 3, regeneration 1, shaggy fur 1, tough skin 1
a: Renounce Religion, Berserk, Trog's Hand


You were on level 5 of the Dungeon.
You worshipped Trog.
Trog was pleased with you.
You visited 1 branch of the dungeon, and saw 6 of its levels.

You collected 372 gold pieces.

Inventory:

Hand Weapons
 a - a +1 flail of protection (weapon)
Armour
 b - a +0 animal skin (worn)
Jewellery
 q - an amulet of faith
Wands
 t - a wand of flame (7)
Scrolls
 d - 2 scrolls of poison {unknown}
 e - a scroll of enchant armour {unknown}
 f - a scroll of enchant weapon {unknown}
 g - 2 scrolls of teleportation
 i - 4 scrolls of identify
 k - a scroll of magic mapping {unknown}
 m - 2 scrolls of blinking {unknown}
 o - a scroll of vulnerability
Potions
 c - 2 potions of cancellation {unknown}
 h - 4 potions of curing
 j - a potion of brilliance {unknown}
 l - a potion of invisibility {unknown}
 n - a potion of magic {unknown}
 p - 2 potions of flight {unknown}
 r - a potion of attraction {unknown}
 s - a potion of ambrosia {unknown}


   Skills:
 + Level 4.0 Fighting
 * Level 6.2 Maces & Flails
 + Level 3.5 Dodging


You had 6 spell levels left.
You didn't know any spells.
Your spell library was empty.

Dungeon Overview and Level Annotations

Branches:
Dungeon (6/15)
 Temple: D:4-7

Altars:
Cheibriados
Elyvilon
Kikubaaqudgha
Ru
Sif Muna
Xom

Annotations:
D:4 Eustachio


Innate Abilities, Weirdness & Mutations

You are too large for most types of armour.
You have claws for hands.
Your natural rate of healing is unusually fast.
You are covered in fur. (AC +1)
You have tough skin. (AC +1)


Message History

You climb downwards.
Found a stone staircase leading down.
There is a stone staircase leading up here.
The wight hits you with a +5 battleaxe!
You feel drained.
You climb upwards.
There is a stone staircase leading down here.
You hit the wight.
Your weapon exudes an aura of protection.
The wight is moderately damaged.
The wight barely misses you.
You thump the wight!
The wight is almost destroyed.
The wight barely misses you.
You hit the wight.
You destroy the wight!
Trog accepts your kill.
Your life force feels restored.
Your Fighting skill increases to level 4!
You start resting.
HP restored.
You climb downwards.
The wight hits you with a +1 flail of protection!
You feel drained. The wight hits you with a +4 scimitar!
You feel drained. The wight hits you with a +3 battleaxe!
You feel drained.
There is a stone staircase leading up, spattered with blood here.
The wight closely misses you.
The wight hits you with a +1 flail of protection.
You feel drained. The wight hits you with a +3 battleaxe.
* * * LOW HITPOINT WARNING * * *
You climb upwards.
The wight falls through a shaft!
The shaft crumbles and collapses.
There is a stone staircase leading down here.
As you read the scroll of teleportation, it crumbles to dust.
You feel strangely unstable. The wight closely misses you.
The wight hits you with a +4 scimitar!
* * * LOW HITPOINT WARNING * * *
You feel drained.
* * * LOW HITPOINT WARNING * * *
The wight attacks as you move away! The wight hits you with a +3 battleaxe!
You die...

#...####### #.
#....##...##### #.
#....##.#.....## #.
#....##.#####..####.
##...##.###.........
#......##..##[.####
#.#...##..####...##
#z.......## ###...
##@#..#### ##.#.
#z#...## ##..##
#.##...### #.....
#.##.....####...#.
#.##...)...†..###.
#)##.....####.# ##
#.##.....####.# #
#.##..........####
#######.....#...##......


You could see 2 wights.

Vanquished Creatures
  Edmund (D:5)
  A water moccasin (D:5)
  A scorpion (D:5)
  A wight (D:5)
  An orc priest (D:2)
  3 iguanas
  An orc wizard (D:2)
  4 gnolls
  4 adders
  2 worms
  4 dart slugs
  8 orcs
  7 endoplasms
  4 giant cockroaches
  9 goblins
  2 hobgoblins
  3 jackals (D:1)
  7 kobolds
  6 quokkas
  5 ball pythons
  2 bats (D:1)
  3 frilled lizards
  2 rats
81 creatures vanquished.

Notes
Turn   | Place    | Note
-------+----------+-------------------------------------------
     0 | D:1      | Jushak the Troll Berserker began the quest for the Orb.
     0 | D:1      | Reached XP level 1. HP: 22/22 MP: 0/0
    85 | D:1      | Reached skill level 3 in Maces & Flails
   106 | D:1      | Found a faded altar of an unknown god.
   136 | D:1      | Reached XP level 2. HP: 29/29 MP: 1/1
   268 | D:1      | Reached XP level 3. HP: 33/36 MP: 2/2
   503 | D:2      | Reached ** piety under Trog
   801 | D:2      | Reached skill level 4 in Maces & Flails
   905 | D:2      | Reached XP level 4. HP: 45/45 MP: 3/3
  1385 | D:3      | Reached XP level 5. HP: 52/53 MP: 4/4
  1721 | D:4      | Found an ancient bone altar of Kikubaaqudgha.
  1777 | D:4      | Found a snail-covered altar of Cheibriados.
  1779 | D:4      | Found a white marble altar of Elyvilon.
  1780 | D:4      | Found a shimmering altar of Xom.
  1780 | D:4      | Found a sacrificial altar of Ru.
  2145 | D:4      | Reached skill level 5 in Maces & Flails
  2242 | D:4      | Noticed Eustachio
  2463 | D:4      | Noticed an ogre
  2473 | D:5      | Entered Level 5 of the Dungeon
  2605 | D:5      | Noticed a water moccasin
  2626 | D:5      | Killed a water moccasin
  2627 | D:5      | Reached XP level 6. HP: 29/61 MP: 5/5
  2867 | D:5      | Noticed Edmund
  2880 | D:5      | Killed Edmund
  2881 | D:5      | Reached skill level 6 in Maces & Flails
  2881 | D:5      | Reached XP level 7. HP: 68/68 MP: 6/6
  2990 | D:5      | Found a shimmering blue altar of Sif Muna.
  3197 | D:5      | HP: 3/63 [wight/+4 scimitar (12)]
  3197 | D:5      | HP: 1/61 [wight/+4 scimitar (2)]
  3198 | D:5      | Mangled by a wight

Illustrated notes

Levels and vault maps discovered:
D:1:      onia_arrival_pentagram, layout_rooms,
          hellmonk_ecumenical_altar_dog_temple
D:2:      layout_loops_ring, serial_glass, glass_columns_a, glass_columns_a
D:3:      layout_basic, kennysheep_orc_chapel
D:4:      layout_basic, mainiacjoe_overflow_alcove_3, lemuel_round_altar,
          minmay_temple_entry_offerings, uniq_eustachio
D:5:      layout_rooms, marbit_many_paths, uniq_edmund
D:6:      layout_cave_pools

Skill      XL: |  1  2  3  4  5  6  7 |
---------------+----------------------+-----
Maces & Flails | 3 4 5 6 |  6.2
Fighting       | 3 4 |  4.0
Dodging        | 3 |  3.5

Action                   |  1- 3 |  4- 6 |  7- 9 || total
-------------------------+-------+-------+-------++-------
Melee: Mace              |   111 |    77 |       ||   188
       Flail             |       |    93 |     6 ||    99
Invok: Trog's Hand       |       |     4 |       ||     4
       Berserk           |       |     2 |       ||     2
  Use: Scroll            |       |     3 |     1 ||     4
Armor: Animal skin       |    34 |    77 |     3 ||   114
Dodge: Dodged            |    57 |    83 |     4 ||   144
